 Dungeon Crawl Stone Soup version 0.25-a0-404-gc1b5a34292 (webtiles) character file.

Game seed: 3674104041322494313, levelgen mode: deterministic

72 MordorOrchid the Cudgeler (level 4, -3/44 HPs)
             Began as a Troll Berserker on Jan 10, 2020.
             Was a Believer of Trog.
             Succumbed to an orc's poison
             ... on level 3 of the Dungeon.
             The game lasted 00:02:54 (1186 turns).

MordorOrchid the Cudgeler (Troll Berserker)         Turns: 1186, Time: 00:02:55

Health: -3/44      AC:  6    Str: 26    XL:     4   Next: 6%
Magic:  3/3        EV:  6    Int:  8    God:    Trog [**....]
Gold:   91         SH: 14    Dex:  9    Spells: 3/3 levels left

rFire    . . .     SeeInvis .   a - +0 mace
rCold    . . .     Gourm    +   h - +1 large shield
rNeg     . . .     Faith    .   b - +0 animal skin
rPois    .         Spirit   .   (helmet restricted)
rElec    .         Reflect  .   (no cloak)
rCorr    .         Harm     .   (gloves unavailable)
MR       .....                  (boots unavailable)
Stlth    +.........             (no amulet)
HPRegen  0.54/turn              (no ring)
MPRegen  0.08/turn              (no ring)

@: brilliant, lethally poisoned (-3 -> -30)
A: large, unfitting armour, claws 3, fast metabolism 3, gourmand, regeneration
1, shaggy fur 1, tough skin 3
a: Berserk, Trog's Hand, Renounce Religion


You were on level 3 of the Dungeon.
You worshipped Trog.
Trog was pleased with you.
You were completely stuffed.

You visited 1 branch of the dungeon, and saw 3 of its levels.

You collected 91 gold pieces.

Inventory:

Hand Weapons
 a - a +0 mace (weapon)
Missiles
 j - 3 boomerangs (quivered)
 q - 15 poisoned darts
Armour
 b - a +0 animal skin (worn)
 h - a +1 large shield (worn)
Jewellery
 s - an uncursed amulet of magic regeneration
Scrolls
 f - a scroll of fog {unknown}
 k - a scroll of blinking {unknown}
 n - a scroll of enchant weapon {unknown}
 o - a scroll of enchant armour
 p - a scroll of teleportation {unknown}
Potions
 e - 2 potions of magic
 g - a potion of cancellation {unknown}
 i - 5 potions of lignification
 m - a potion of haste {unknown}
 r - a potion of curing {unknown}
Comestibles
 c - 6 rations
 t - 3 chunks of flesh


   Skills:
 + Level 2.5 Fighting
 * Level 3.4 Maces & Flails
 * Level 0.9 Throwing
 * Level 0.4 Armour
 + Level 2.8 Dodging
 * Level 1.1 Shields


You had 3 spell levels left.
You didn't know any spells.
Your spell library was empty.

Dungeon Overview and Level Annotations

Branches:
Dungeon (3/15)

Altars:


Innate Abilities, Weirdness & Mutations

You are too large for most types of armour.
You have claws for hands.
Your metabolism is lightning-fast.
You like to eat raw meat.
Your natural rate of healing is unusually fast.
You are covered in fur. (AC +1)
You have extremely tough skin. (AC +3)


Message History

You are lethally poisoned!
* * * LOW HITPOINT WARNING * * *
You feel sick.
The orc wizard mumbles some strange words.
The orc wizard flickers and vanishes!
Deactivating autopickup; reactivate with Ctrl-A.
The orc hits you but does no damage.
Unknown command.
Unknown command.
It was a potion of brilliance.
You feel clever all of a sudden.
* * * LOW HITPOINT WARNING * * *
You feel very sick.
The orc hits you with a +1 falchion of venom!
* * * LOW HITPOINT WARNING * * *
You are more poisoned.
Unknown command.
You miss the orc.
You feel less confused.
You die...

#.##..#
#.##..##
#.#..>.#
#.#....#
#......#
#......#
#######....###
#..........#
#.....o@.#.#
#....o...#.#
#).......#.#
#........#.#
.<.........
##........#.
#..%.....#.#
#######.## #


You could see 2 orcs.

Vanquished Creatures
  A worker ant (D:3)
  3 dart slugs
  2 leopard geckos
  2 ball pythons
  2 giant cockroaches (D:2)
  8 goblins
  3 hobgoblins
  8 kobolds
  2 bats
  A frilled lizard (D:2)
  6 rats
38 creatures vanquished.

Notes
Turn   | Place    | Note
-------+----------+-------------------------------------------
     0 | D:1      | MordorOrchid the Troll Berserker began the quest for the
                  | Orb.
     0 | D:1      | Reached XP level 1. HP: 22/22 MP: 0/0
   132 | D:1      | Reached XP level 2. HP: 25/29 MP: 1/1
   139 | D:1      | Reached skill level 3 in Maces & Flails
   655 | D:2      | Reached XP level 3. HP: 36/36 MP: 2/2
   749 | D:2      | Reached ** piety under Trog
  1135 | D:3      | Reached skill level 1 in Shields
  1135 | D:3      | Reached XP level 4. HP: 31/44 MP: 3/3
  1185 | D:3      | HP: 1/44 [orc/+1 falchion of venom (7)]
  1186 | D:3      | Succumbed to an orc's poison

Levels and vault maps discovered:
D:1:      eino_arrival_cavern_a, layout_rooms, minmay_misc_feat_cross
D:2:      layout_loops_ring
D:3:      layout_basic, nicolae_overflow_quartered_altars, serial_forest,
          infiniplex_forest_lined_room_2, infiniplex_forest_end_1,
          infiniplex_forest_straight_4, infiniplex_forest_straight_2,
          infiniplex_forest_clump_C, infiniplex_forest_lined_4_way,
          infiniplex_forest_end_3, uniq_jessica

Skill      XL: |  1  2  3 |
---------------+----------+-----
Maces & Flails | 3 |  3.4
Shields        | 1 |  1.1
Fighting       | |  2.5
Throwing       | |  0.9
Armour         | |  0.4
Dodging        | |  2.8

Action                   |  1- 3 |  4- 6 || total
-------------------------+-------+-------++-------
Melee: Mace              |   122 |    10 ||   132
  Use: Scroll            |       |     4 ||     4
       Potion            |       |     1 ||     1
  Eat: Chunk             |    14 |     3 ||    17
Armor: Animal skin       |    47 |     8 ||    55
Dodge: Dodged            |    26 |     3 ||    29
Block: Large shield      |    83 |     4 ||    87

Table legend:
 A = Non-vault XP
 B = Vault XP
 C = Vault XP percentage of total XP
 D = Non-vault monster count
 E = Vault monster count
 F = Vault count percentage of total count
                 A         B        C        D         E       F
            +---------+---------+-------+---------+---------+-------
      Total |     103 |       0 |   0.0 |      38 |       0 |   0.0
            +---------+---------+-------+---------+---------+-------
        D:1 |      34 |       0 |   0.0 |      17 |       0 |   0.0
        D:2 |      31 |       0 |   0.0 |      17 |       0 |   0.0
        D:3 |      38 |       0 |   0.0 |       4 |       0 |   0.0
            +---------+---------+-------+---------+---------+-------
